[Event "CCT Airthings Masters Play-In 2023"]
[Site "Online"]
[Date "2023.02.03"]
[Round "3"]
[White "Eltaj_Safarli"]
[Black "vi_pranav"]
[Result "1-0"]
[ECO "C47"]
[WhiteElo "2394"]
[BlackElo "2587"]
[Annotator "TA"]
[PlyCount "145"]
[EventDate "2023.02.03"]
[EventType "swiss"]
[EventCountry "NET"]
[SourceTitle "playchess.com"]
[Source "ChessBase"]
[SourceQuality "1"]
[TimeControl "600+2"]

1. e4 e5 2. Nf3 Nc6 3. Nc3 Nf6 4. d4 exd4 5. Nxd4 Bb4 6. Nxc6 bxc6 7. Bd3 d6 8. O-O Ng4 {[%emt 0:00:01] 8...Ng4 scores better than 8...0-0.} 9. h3 {[%emt 0:00:25] C47: Scotch Four Knights and Four Knights with 4 g3.} (9. Na4 {with more complications.} Qh4 10. Bf4 Qf6 11. Bg3) 9... Ne5 10. f4 Nxd3 11. cxd3 {[%emt 0:00:02] White is slightly better.} O-O 12. f5 {[%emt 0:00:05][%cal Of5f6] [#]} Re8 $146 {[%emt 0:00:21] [#]} ({Predecessor:} 12... d5 13. e5 Re8 14. d4 Bf8 15. f6 g6 16. Bf4 c5 17. Kh1 Rb8 18. dxc5 d4 {0-1 Oganian,M (2437)-Pranav,V (2481) Titled Tuesday intern op 05th Apr Early blitz 2022 (10)}) 13. f6 $1 g6 14. Bh6 d5 15. Qf3 Rb8 16. Kh1 Bd6 17. Rae1 d4 (17... Rxb2 $142 18. exd5 cxd5 19. Nxd5 Bb7) 18. Ne2 Be5 19. b3 Re6 20. Bg7 {[%emt 0:01:06] White is more active.} Rb6 21. Nf4 {[%emt 0:00:12][%cal Of4g6] aiming for Nxg6!} Rd6 $2 (21... Rxf6 $14 22. Bxf6 Qxf6) 22. Rc1 (22. Nxg6 $1 $18 {Threatening mate with Ne7+.} hxg6 23. Qf2 Bxf6 24. Bxf6 Rxf6 25. Qxf6 Qxf6 26. Rxf6) 22... Qe8 (22... Ra6 $2 23. Nxg6 hxg6 24. Qf2 Bxf6 25. Bxf6 Rxf6 26. Qxf6 Qxf6 27. Rxf6) (22... Bxf4 $16 {was necessary.} 23. Qxf4 Re6) 23. Rc5 $2 (23. Nxg6 $1 $18 {is the precise move to win. White wants to mate with Ne7+.} hxg6 24. Qf2 Bxf6 25. Bxf6) 23... Bxf6 $16 24. Bxf6 Rxf6 25. e5 (25. Qf2 $16) 25... Rf5 $11 {[%emt 0:00:06] ...g5 would be deadly.} 26. g4 $1 Rxe5 (26... Rg5 $11 {is superior.}) 27. Rxe5 (27. Nh5 $1 $14 Rxh5 28. gxh5) 27... Qxe5 28. Nxg6 $1 Qe8 29. Nf4 Bb7 {[%emt 0:00:09] Hoping for ...c5.} 30. Qg3 c5+ 31. Kh2 Rf6 32. Re1 Qc6 {[%emt 0:00:02][%cal Of6f4] And now ...Rxf4! would win.} 33. Nh5 (33. Re4 $15) 33... Re6 $36 {[%emt 0:00:08][%cal Oe6e2][%mdl 2048] Black is really pushing.} 34. Nf4 {[%emt 0:00:20] Wards off Re2+} Re3 35. Qh4 (35. Qf2) 35... Qd6 (35... h6 $142 {Strongly threatening ...Qf3.} 36. g5 Rxe1 {[%mdl 64] Deflection} 37. Qxe1 hxg5) 36. Qg5+ Kf8 37. Rxe3 dxe3 {[%emt 0:00:02][%mdl 4096] Endgame KQB-KQN} 38. Kg3 h6 39. Qf5 Kg7 (39... c4 $1 $19 40. bxc4 Qb4) 40. g5 $17 hxg5 (40... h5 $1 $15) 41. Qxg5+ $11 Kf8 42. h4 $1 Qc6 43. Qd8+ Kg7 44. Nh5+ Kh7 45. Nf6+ Kg7 46. Ne4 $2 (46. Nh5+ $11 Kh7 47. Nf6+ Kg7 48. Ne8+ Kh8 49. Nd6+ Kh7 50. Nxb7) 46... Qg6+ $19 47. Ng5 $2 (47. Kf3 e2 48. Kxe2) 47... e2 $2 ({Better is} 47... Qf5 $19 {( -> ...Qf2+)} 48. Qxc7 Qf2+ 49. Kg4 Qg2+ 50. Qg3 e2 51. Qxg2 Bxg2) 48. Kf2 $11 Qd6 49. Qxd6 cxd6 50. Kxe2 {[%emt 0:00:03] KB-KN} d5 51. Ke3 Kg6 52. Kf4 Ba6 53. Nf3 f6 54. d4 c4 55. bxc4 Bxc4 56. a3 a5 57. Nd2 {[%emt 0:00:03] Prevents Bb3.} Ba2 58. Kg4 a4 $2 ({Black should try} 58... Bc4 $14) 59. Nf1 $1 $18 {[%emt 0:00:14] h5+ is the strong threat.} Bc4 $2 (59... Bb1 60. Ne3 Be4 61. h5+ Kf7) 60. Ne3 {[%emt 0:00:01] Threatens to win with h5+.} Be2+ 61. Kf4 Bc4 62. Ng4 $2 (62. Nxc4 $1 {mates} dxc4 63. d5 f5 64. Ke3 c3 65. Kd3 Kf6 66. h5 Kg5 67. Kxc3) 62... Bb3 $2 {[%emt 0:00:03][%mdl 8192] [#]} (62... Be2 $11) 63. h5+ $1 {[%emt 0:00:02][%mdl 576] Decoy} Kxh5 (63... Kf7 64. Ne3) 64. Nxf6+ Kg6 65. Ke5 Kf7 66. Nxd5 Ke8 67. Kd6 {[%emt 0:00:03] White threatens Nc3 and mate.} Bxd5 68. Kxd5 {[%emt 0:00:01] KPP-KP. White mates.} Kd7 {[%emt 0:00:01] [#]} 69. Kc5 $1 Kc7 70. Kb5 Kd6 71. Kxa4 Kd5 72. Kb5 Kxd4 73. a4 {[%emt 0:00:01] What a fight!   Weighted Error Value: White=0.47/Black=0.54} 1-0

[Event "CCT Airthings Masters Play-In 2023"]
[Site "Online"]
[Date "2023.02.03"]
[Round "3"]
[White "BrandonJacobson"]
[Black "Fandorine"]
[Result "0-1"]
[ECO "A05"]
[WhiteElo "2374"]
[BlackElo "2551"]
[Annotator "TA"]
[PlyCount "78"]
[EventDate "2023.02.03"]
[EventType "swiss"]
[EventCountry "NET"]
[SourceTitle "playchess.com"]
[Source "ChessBase"]
[SourceQuality "1"]
[TimeControl "600+2"]

1. Nf3 Nf6 2. g3 g6 3. b3 d5 4. c4 d4 5. b4 {[%emt 0:00:00] [#]} c5 $1 6. bxc5 {[%emt 0:00:04] A05: Réti Opening: 1 Nf3 Nf6.} Bg7 7. Bg2 O-O 8. O-O {[%emt 0:00:08] [#] The position is equal.} Re8 $146 ({Predecessor:} 8... Nc6 9. d3 Nd7 10. Ba3 e5 11. Nbd2 f5 12. Ne1 Qe7 13. Nc2 a5 14. e3 e4 15. dxe4 {1-0 Jacobson,B (2544)-Andersen,G (2236) World op 50th 2022 (2)}) 9. d3 Nfd7 10. Ba3 Na6 11. c6 bxc6 12. Nbd2 Rb8 13. Qa4 c5 14. Rab1 Rb6 15. Rb5 Bb7 16. Ne1 (16. Rxb6 $1 $11 axb6 17. Nxd4 Bxg2 18. Kxg2) 16... Qc8 $15 17. Nb3 Bxg2 18. Nxg2 e5 19. e4 f5 20. f3 Rf8 {[%emt 0:00:01] White should prevent ...fxe4.} 21. Ne1 (21. exf5 $11 {remains equal.} gxf5 22. Re1) 21... h5 (21... fxe4 $17 {Hoping for ...e3.} 22. dxe4 Rbf6) 22. Bc1 (22. Rxb6 $11 axb6 23. exf5) 22... f4 $17 23. Ng2 fxg3 24. hxg3 Rbf6 25. Nh4 Nb4 26. Rxb4 {[%emt 0:00:16] [#]} (26. Qxa7 $15 Nxd3 27. Qb7) 26... cxb4 (26... Ra6 $1 $19 27. Qb5 (27. Nxg6 $2 Rxg6 28. Kh2 cxb4 $19) 27... Rb6) 27. Qxb4 Rb6 ({Better is} 27... Ra6 $17) 28. Qa5 (28. Qd2 $1 $15 {might be stronger.}) 28... Kh7 29. Ba3 $2 (29. Bg5 $17) 29... Ra6 $1 $19 30. Qb4 Rff6 31. c5 {[%emt 0:00:02] Dodges Rfb6} ({Much weaker is} 31. Qe7 Kh8 32. Qb4 Rfb6 $19) 31... Qc6 {[%emt 0:00:08] Threatens to win with ...Ra4.} 32. Nd2 Rf8 {[%emt 0:00:07] ...Rb8 is the strong threat.} 33. Nc4 Rb8 {[%emt 0:00:04][%mdl 64] Deflection} 34. Qd2 Nxc5 35. Qg5 (35. Bxc5 $142 Qxc5 36. f4) 35... Nxd3 $2 (35... Rxa3 $19 36. Nxa3 Nxd3) 36. Nd6 $1 $11 Qxd6 (36... Rxa3 $2 37. Qxg6+ Kg8 38. Qe6+ Kh7 39. Qg6+ Kg8 40. Qf7+ Kh7 41. Qg6+ $18 (41. Qxh5+ Kg8 $18)) (36... Rb7 $11 {and Black stays safe.}) 37. Bxd6 $18 Rxd6 {[%emt 0:00:00] [#]} 38. g4 $2 ({White should try} 38. f4 $1 $18 exf4 39. gxf4) 38... Nf4 39. Kh2 {[%emt 0:00:05][%mdl 8192] Inhibits Nh3. White is weak on the dark squares} (39. Qe7 $11 Rdb6 40. gxh5 (40. Qxa7 R8b7 $19)) 39... Bf6 {[%emt 0:00:01] Black used his chance.   Weighted Error Value: White=0.52/Black=0.41} 0-1

[Event "CCT Airthings Masters Play-In 2023"]
[Site "Online"]
[Date "2023.02.03"]
[Round "3"]
[White "kpio91"]
[Black "LevonAronian"]
[Result "0-1"]
[ECO "C78"]
[WhiteElo "2373"]
[BlackElo "2757"]
[Annotator "NA"]
[PlyCount "80"]
[EventDate "2023.02.03"]
[EventType "swiss"]
[EventCountry "NET"]
[SourceTitle "playchess.com"]
[Source "ChessBase"]
[SourceQuality "1"]
[TimeControl "600+2"]

1. e4 e5 2. Nf3 Nc6 3. Bb5 a6 4. Ba4 Nf6 5. O-O b5 6. Bb3 Bc5 7. d3 d6 8. c3 Bb6 9. Be3 Rb8 10. Nbd2 O-O 11. Re1 Ne7 12. Nf1 Ng6 13. Ng3 Bxe3 14. Rxe3 c5 15. h3 Qc7 16. Bc2 a5 17. a4 b4 18. Nd2 Be6 19. Re1 Rfe8 20. Ngf1 d5 21. exd5 Nxd5 22. Nc4 Ndf4 23. Nfe3 Red8 24. cxb4 axb4 25. b3 e4 26. Qd2 Nxd3 27. Bxd3 Rxd3 28. Qc2 Nf4 29. Ng4 f5 30. Nge5 Rc3 31. Qd2 Nd3 32. Nxd3 Rxd3 33. Qxd3 exd3 34. Rxe6 Rd8 35. Rd1 Qf4 36. a5 Qd4 37. Rde1 Qc3 38. a6 d2 39. Rd1 Qc1 40. Ne3 f4 0-1

[Event "CCT Airthings Masters Play-In 2023"]
[Site "Online"]
[Date "2023.02.03"]
[Round "3"]
[White "VitaliyBernadskiy"]
[Black "Sanan_Sjugirov"]
[Result "1/2-1/2"]
[ECO "B52"]
[WhiteElo "2341"]
[BlackElo "2546"]
[Annotator "TA"]
[PlyCount "161"]
[EventDate "2023.02.03"]
[EventType "swiss"]
[EventCountry "NET"]
[SourceTitle "playchess.com"]
[Source "ChessBase"]
[SourceQuality "1"]
[TimeControl "600+2"]

1. e4 c5 2. Nf3 d6 3. Bb5+ Bd7 4. Bxd7+ Qxd7 5. c4 Nf6 6. Nc3 g6 7. d4 cxd4 8. Nxd4 Nc6 9. f3 Bg7 10. Be3 O-O 11. Rc1 {[%emt 0:00:19] B52: Sicilian: Moscow Variation with 3...Bd7.} Rfc8 12. b3 a6 13. Na4 {[%emt 0:00:27] Threatens to win with Nb6. White has an edge.} Qd8 {[%emt 0:00:01][%cal Ob7b5] Repels Nb6} 14. O-O Nd7 15. Nc3 {[%emt 0:00:28] [#]} b5 $146 ({Predecessor:} 15... Nxd4 16. Bxd4 Bxd4+ 17. Qxd4 Qb6 18. Qxb6 Nxb6 19. Rfd1 Rc5 20. Kf2 Rac8 21. Ke3 Kf8 {0-1 Deac,B (2643)-Nenezic,M (2521) Speed Chess Super Swiss blitz 2021 (6)}) 16. cxb5 Nxd4 17. Bxd4 Bxd4+ 18. Qxd4 axb5 19. Rc2 Rc5 20. Re2 Rac8 21. Nd5 Rc2 22. Qd1 Rxe2 23. Qxe2 e6 24. Nb4 Qa5 25. Qd2 Qb6+ 26. Kh1 Qc5 27. Rd1 Nf6 28. h3 (28. Qxd6 $2 Qxd6 $19) 28... Nh5 (28... Ne8 $11 {remains equal.}) 29. Qxd6 $16 Qf2 30. Kh2 {[%emt 0:00:13] Prevents Ng3} g5 31. Rd2 $36 {[%emt 0:00:27][%mdl 2048] White is in control.} Qe1 32. Rc2 Re8 (32... Rf8 $16 33. Nc6 h6) 33. Nd3 $18 Qd1 34. Rc5 Qd2 (34... h6 $16 35. Rxb5 Qd2) 35. Qd7 (35. Rxb5 $6 h6 36. Rb6 Rc8) 35... Rf8 36. Qxb5 (36. Rxb5 $2 g4 37. h4 (37. Rxh5 $2 {too greedy.} gxf3 38. Kg3 Qxg2+ 39. Kh4 f2 $19) (37. fxg4 $2 Nf4 $19) 37... h6 $19) 36... h6 {[%emt 0:00:03][%cal Of8d8] Strongly threatening ...Rd8!} 37. Qc4 $1 Rd8 38. Rc8 Rxc8 39. Qxc8+ {[%emt 0:00:00][%mdl 4096] Endgame KQN-KQN} Kg7 40. Qc4 Qxa2 41. e5 Qd2 42. b4 Qe2 {[%emt 0:00:01][%cal Oh5f4] ...Nf4! is the strong threat.} 43. Qd4 {[%emt 0:00:12] Inhibits Nf4.} Qd2 {[%emt 0:00:02] aiming for ...Nf4.} 44. Qe4 {[%emt 0:00:08] And now b5 would win.} Qc3 45. h4 Qd2 $2 (45... Kg8 46. Qa8+ Kh7 47. Qe4+ Kg8) 46. b5 {[%emt 0:00:05] Black must now prevent b6.} Qa5 47. hxg5 Qxb5 $2 (47... hxg5 48. Qb4 Qb6) 48. gxh6+ $2 (48. g4 $18 {is the precise move to win.}) 48... Kxh6 $16 49. g4 Ng7 50. Nf2 {[%emt 0:00:04][%cal Og4g5] g5+! would kill now.} Qb2 51. Kg3 {[%emt 0:00:00][%cal Og4g5] White wants to mate with g5+!} Ne8 {[%emt 0:00:02] Repels g5+} 52. Qf4+ Kg7 53. Ne4 Qd4 54. Ng5 (54. Kh3 $16) 54... Qg1+ $11 55. Kh3 Qh1+ 56. Qh2 Qf1+ 57. Qg2 Qe1 {[%emt 0:00:02] [#]} (57... Qc1 $11 58. Ne4 Nc7) 58. Ne4 (58. f4 $1 $16) 58... Nc7 59. g5 Nd5 {[%emt 0:00:01] Hoping for ...Nf4+.} 60. Qg3 {[%emt 0:00:02] Against Nf4+} Qh1+ {[%emt 0:00:02][%mdl 1024] Black has compensation.} 61. Kg4 Ne3+ 62. Kf4 Nd5+ 63. Kg4 Qh7 (63... Kg6 $5 64. Qf2 $8 Qh5+ 65. Kg3 Qh1 $11) 64. Nf6 Ne3+ 65. Kf4 Qd3 66. Ne4 (66. Qh2 $5 Qd4+ 67. Ne4 $11) 66... Nf5 67. Qh3 Qe3+ 68. Kg4 Qg1+ 69. Kf4 ({Much worse is} 69. Kh5 Nd4 $17) 69... Qc1+ (69... Kg6 $5) 70. Kg4 Qg1+ 71. Kf4 ({But not} 71. Kh5 Nd4 $17) 71... Qe3+ (71... Kg6 $5) 72. Kg4 Qc1 73. Qh2 Ne3+ 74. Kh5 $2 {[%emt 0:00:01][%mdl 8192] [#]} (74. Kh4 $11) 74... Nf5 $2 (74... Qc8 $1 $19 75. Kh4 Qh8+ 76. Kg3 Nf1+ 77. Kg2 Nxh2) 75. Kg4 {[%emt 0:00:01] The position is equal.} Qf1 76. Kf4 Qd3 77. Nf6 {[%emt 0:00:03] Intending Qh7+ and mate. Really sharp!} Qe3+ 78. Kg4 {[%emt 0:00:01] White threatens Qh7+ and mate.} Qd4+ 79. Ne4 Qd1 80. Kf4 Qc1+ 81. Kg4 {[%emt 0:00:01] Quite a comeback for White.   Weighted Error Value: White=0.29 (precise) /Black=0.28 (precise)} 1/2-1/2

[Event "CCT Airthings Masters Play-In 2023"]
[Site "Online"]
[Date "2023.02.03"]
[Round "3"]
[White "temiksmozg"]
[Black "EvgenyT"]
[Result "0-1"]
[ECO "C47"]
[WhiteElo "2301"]
[BlackElo "2542"]
[Annotator "TA"]
[PlyCount "70"]
[EventDate "2023.02.03"]
[EventType "swiss"]
[EventCountry "NET"]
[SourceTitle "playchess.com"]
[Source "ChessBase"]
[SourceQuality "1"]
[TimeControl "600+2"]

1. e4 e5 2. Nf3 Nc6 3. Nc3 Nf6 4. d4 exd4 5. Nxd4 Bc5 6. Be3 Bb6 7. Nxc6 bxc6 {[%emt 0:00:03] C47: Scotch Four Knights and Four Knights with 4 g3.} 8. e5 Bxe3 9. exf6 (9. fxe3 $5 Nd5 10. Nxd5 cxd5 11. Qxd5 Qh4+ 12. Kd1 $11 (12. g3 Qb4+ 13. Qd2 Qxb2 $11)) 9... Bh6 {[%emt 0:00:01] The position is equal.} 10. fxg7 Bxg7 11. Bd3 Qe7+ {[%emt 0:00:10] [#]} 12. Kf1 $146 (12. Qe2 {simplifies} Qxe2+ 13. Bxe2 Rb8 14. O-O-O) ({Predecessor:} 12. Ne2 Bb7 13. Rb1 Bc3+ 14. Kf1 Be5 15. Ng3 d5 16. Qh5 Bc3 17. Ne2 Qe5 18. Qf3 {½-½ Rojas Keim,L (2390)-Lugo,B (2440) Quito Copa Saeta 1st 1997 (1)}) 12... d5 (12... Rb8 $5 13. Qh5 (13. Qg4 O-O $17) 13... d6 $15) 13. Qh5 $1 Kf8 14. Re1 (14. Bxh7 $2 Qb4 15. Re1 Bg4 $19) 14... Qf6 15. g3 (15. Bxh7 $2 Bd7 16. h3 Bh6 $17) 15... Rb8 $132 {[%emt 0:00:08][%mdl 2048] Black is not keeping still} 16. Na4 (16. Nd1 $11) 16... Rb4 $15 17. Nc5 (17. Qe2 $1 $11 Bh6 18. Nc5) 17... Qd6 {[%emt 0:00:20] [#]} (17... Bg4 $2 18. Qxg4 $18) (17... Rxb2 $15 {stays ahead.} 18. Kg2 (18. Qe2 Qe5 $17) 18... Qh6 19. Qxh6 (19. Qe2 $2 Bh3+ 20. Kg1 Bd4 $19) 19... Bxh6) 18. Nb3 $2 (18. Bf5 $1 $16) 18... Bg4 $17 {[%emt 0:00:12] Dancing on a razor blade.} 19. Qg5 Bxb2 20. a3 h6 $19 ({Not} 20... Bxa3 21. h3 (21. Qe3 $2 Bh3+ 22. Kg1 Bb2 $19) 21... Bc8 22. Ra1 $17 (22. Qe3 Bb2 $17)) 21. Qe3 Bh3+ {[%emt 0:00:08] This pair of bishops is nice.} ({Inferior is} 21... Rb8 22. Kg2 $17 (22. h3 d4 $17)) 22. Kg1 Rb8 {[%emt 0:00:04] Active counter play!} 23. Bf1 Bg4 24. h3 Bd7 25. Nc5 Re8 ({Black should play} 25... Bc8 $17 {Threatens to win with ...d4.} 26. Na4 Bf6 27. Qxa7 Rb7) 26. Nxd7+ $15 Qxd7 27. Qc5+ Kg7 28. Rb1 Bf6 29. Kg2 Re4 30. Bd3 Ra4 (30... Bd4 $15 31. Qa5 Re7) 31. Rb3 $2 (31. Rb4 $11 Rxb4 32. Qxb4) 31... Bd4 $19 32. Bf5 Qxf5 {[%emt 0:00:04][%csl Gd4][%cal Rf5f2] [#]} 33. Qxc6 Rc4 {[%emt 0:00:04][%csl Gd4][%cal Rf5f2] Black mates.} 34. Rf3 Qxf3+ 35. Kxf3 Rxc6 {[%emt 0:00:01] Weighted Error Value: White=0.76/Black=0.24 (precise)} 0-1

[Event "CCT Airthings Masters Play-In 2023"]
[Site "Online"]
[Date "2023.02.03"]
[Round "3"]
[White "Rodalquilar"]
[Black "shimastream"]
[Result "1-0"]
[ECO "D02"]
[WhiteElo "2292"]
[BlackElo "2577"]
[Annotator "TA"]
[PlyCount "79"]
[EventDate "2023.02.03"]
[EventType "swiss"]
[EventCountry "NET"]
[SourceTitle "playchess.com"]
[Source "ChessBase"]
[SourceQuality "1"]
[TimeControl "600+2"]

1. d4 e6 2. Nf3 Nf6 3. Bf4 d5 4. e3 Bd6 5. Nbd2 O-O 6. c3 {[%emt 0:00:02] D02: 1 d4 d5 2 Nf3 sidelines, including 2...Nf6 3 g3 and 2...Nf6 3 Bf4.} b6 7. h4 Bxf4 8. exf4 {[%emt 0:00:03] The position is equal.} c5 9. h5 h6 {[%emt 0:00:05] [#]} 10. Nb3 $146 ({Predecessor:} 10. Ne5 Nfd7 11. Ndf3 cxd4 12. cxd4 f6 13. Ng6 Re8 14. Rc1 Ba6 15. Bxa6 Nxa6 16. Qd3 {½-½ Tabatabaei,M (2645)-Sarana,A (2675) Chess.com Rapid Wk13 Swiss 2022 (4)}) 10... Qd6 11. Ne5 a5 12. a4 Nc6 13. Bb5 Ne7 14. g4 cxd4 15. Nxd4 Ne4 16. Qf3 Bb7 (16... f6 $5 17. Ng6 Nxg6 18. hxg6 e5 $11) 17. Qe3 (17. O-O-O $14) 17... Ba6 $2 (17... f6 $1 $11 18. Ng6 e5 19. Nxe7+ (19. Nxf8 exd4 20. cxd4 Rxf8 $17) 19... Qxe7) 18. f3 Nc5 19. g5 {[%emt 0:00:13] White is more active.} (19. O-O-O $16) 19... hxg5 20. h6 $1 $36 {[%emt 0:01:11][%cal Bh5h6,Bh6h7][%mdl 2080] hxg7 is the strong threat. White has good play.} gxf4 $2 {[%emt 0:00:06][%mdl 8192] Loses the game.} (20... Bxb5 $14 21. Nxb5 Qb8 22. hxg7 (22. fxg5 $2 Nf5 $19) 22... Kxg7) 21. Qxf4 $18 f6 22. h7+ ({Less strong is} 22. hxg7 Qxe5+ 23. Qxe5 fxe5 $16) 22... Kh8 {[%emt 0:00:03] [#]} 23. Nf7+ $1 {[%emt 0:00:00][%mdl 576] Discovered Attack} Rxf7 24. Qxd6 e5 25. Qxb6 Bxb5 26. Qxb5 Rc8 27. Ne2 Nf5 28. Kf2 e4 (28... Nd6 $142 29. Qxa5 Nc4) 29. Nd4 Nd3+ 30. Kg2 Ne3+ 31. Kh2 f5 {[%emt 0:00:04] [#]} 32. Rae1 $1 f4 {[%emt 0:00:07] [#]} (32... Nxe1 33. Rxe1) 33. Rxe3 $1 fxe3 34. Qxd5 Rf6 35. Nf5 {[%emt 0:00:04] White wants to mate with Ne7.} ({Weaker is} 35. fxe4 Rh6+ 36. Kg1 Rg6+ 37. Kf1 Rf6+ 38. Ke2 Nf4+ 39. Kxe3 Nxd5+ 40. exd5 Rc4 $16) 35... Rg6 36. Ne7 {[%emt 0:00:02] White mates.} Rh6+ 37. Kg3 Kxh7 38. Qxe4+ Kh8 39. Rxh6+ gxh6 40. Nxc8 {[%emt 0:00:02] Weighted Error Value: White=0.99/Black=0.31} 1-0

[Event "CCT Airthings Masters Play-In 2023"]
[Site "Online"]
[Date "2023.02.03"]
[Round "3"]
[White "SharapovEvgeny"]
[Black "GroovyKettle"]
[Result "1-0"]
[ECO "C48"]
[WhiteElo "2115"]
[BlackElo "2495"]
[Annotator "TA"]
[PlyCount "111"]
[EventDate "2023.02.03"]
[EventType "swiss"]
[EventCountry "NET"]
[SourceTitle "playchess.com"]
[Source "ChessBase"]
[SourceQuality "1"]
[TimeControl "600+2"]

1. e4 e5 2. Nf3 Nc6 3. Nc3 Nf6 4. Bb5 Bd6 5. O-O O-O 6. Re1 {[%emt 0:00:02] C48: Four Knights: 4 Bb5, replies other than 4...Bb4.} Re8 7. h3 Bf8 8. d4 {[%emt 0:00:05] [#] White is slightly better.} exd4 $146 ({Predecessor:} 8... Nxd4 9. Nxd4 exd4 10. Qxd4 a6 11. Bf1 h6 12. e5 d6 13. Bxh6 dxe5 14. Qxd8 Rxd8 {1-0 Chandreyee,H (1898)-Wiwatanadate,P (2037) Asia-ch Amateur 2015 (6)}) 9. Nxd4 a6 10. Nxc6 bxc6 (10... dxc6 {simplifies} 11. Qxd8 Rxd8 12. Bd3 Nd7) 11. Ba4 Bd6 12. Bg5 (12. f4 $5 ) 12... h6 13. Bh4 g5 14. Bg3 Bxg3 15. fxg3 Qe7 16. Qf3 Qe5 (16... Kg7 $16) 17. Rf1 $18 Kg7 {[%emt 0:00:04] [#]} 18. Rf2 $1 {[%emt 0:00:03] Raf1 would be deadly.} a5 (18... Qd4 $2 19. Raf1 Re6 20. Bb3 $18) (18... Rf8 $16) 19. Raf1 Ba6 20. Qxf6+ Qxf6 21. Rxf6 Bxf1 22. Rxf1 Rab8 23. Bb3 Re7 24. Rf5 Ra8 25. Kf2 f6 26. a4 Re5 27. Rxe5 fxe5 28. Nd1 Rb8 29. Ne3 Rb4 30. Nc4 Kf6 31. Kf3 d5 32. Nxa5 Rxe4 33. Nxc6 Re1 (33... Ke6 $142 34. a5 Re1) 34. Bxd5 Ra1 35. a5 h5 36. Be4 Ra4 37. b4 Ke6 38. g4 hxg4+ 39. Kxg4 Ra3 40. Kxg5 Rg3+ 41. Kh4 Re3 42. Bf3 {[%emt 0:00:18] [#] Threatening mate with a6.} e4 43. Bg4+ Kd6 44. Nd4 {[%emt 0:00:15] White wants to mate with Nf5+.} Kd5 45. Nf5 Ra3 46. Kg5 c5 47. bxc5 Rxa5 48. h4 {[%emt 0:00:02][%cal Bh3h4,Bh4h5,Bh5h6][%mdl 32] Black must now prevent h5.} Rxc5 49. h5 Ke6 50. h6 {[%emt 0:00:03] White mates.} Rc7 51. Ne3+ Kf7 52. Bf5 Rc5 53. Kf4 Kf6 54. g4 Ra5 55. g5+ Kf7 56. g6+ {[%emt 0:00:06] Weighted Error Value: White=0.08 (flawless) /Black=0.29 (precise)} 1-0

[Event "CCT Airthings Masters Play-In 2023"]
[Site "Online"]
[Date "2023.02.03"]
[Round "3"]
[White "Chan, Chak Man"]
[Black "Fighterman91"]
[Result "1/2-1/2"]
[ECO "D02"]
[WhiteElo "1862"]
[BlackElo "2359"]
[Annotator "NA"]
[PlyCount "165"]
[EventDate "2023.02.03"]
[EventType "swiss"]
[EventCountry "NET"]
[SourceTitle "playchess.com"]
[Source "ChessBase"]
[SourceQuality "1"]
[TimeControl "600+2"]

1. d4 Nf6 2. Bf4 d5 3. e3 e6 4. Nf3 c5 5. Nbd2 Nc6 6. c3 cxd4 7. exd4 Nh5 8. Be3 Bd6 9. Ne5 g6 10. f4 Qb6 11. Nd3 f6 12. Be2 Ng7 13. O-O O-O 14. Bf2 Bd7 15. Kh1 Qc7 16. g3 e5 17. fxe5 fxe5 18. dxe5 Nxe5 19. Nxe5 Bxe5 20. Nf3 Bf6 21. Bd4 Bxd4 22. Nxd4 Bh3 23. Rxf8+ Rxf8 24. Bf3 Kh8 25. Bg2 Bxg2+ 26. Kxg2 Qb6 27. Qe2 Re8 28. Qf2 Qd6 29. Rf1 Qe7 30. Qf3 Rd8 31. Qf6 Qxf6 32. Rxf6 Kg8 33. Kf3 Rd7 34. g4 Ne8 35. Re6 Nd6 36. Kf4 Kf7 37. Kg5 Kg7 38. a4 h6+ 39. Kf4 Nc4 40. Re2 Rf7+ 41. Kg3 Nd6 42. Nf3 Ne4+ 43. Kg2 Rf4 44. h3 Kf6 45. Re3 g5 46. Rd3 Ke6 47. Nd4+ Ke5 48. Nf3+ Ke6 49. a5 Nc5 50. Nd4+ Ke5 51. Re3+ Re4 52. Kf3 Na4 53. b3 Rxe3+ 54. Kxe3 Nxc3 55. Nf3+ Kd6 56. Nd4 Ke5 57. Nf3+ Kd6 58. Nd4 Kc5 59. Nf5 Kb4 60. Nxh6 Kxa5 61. Nf7 Ne4 62. Kd4 Kb4 63. Kxd5 Nf2 64. Nxg5 Kxb3 65. Kd4 a5 66. Ke3 Nd1+ 67. Kd2 Nf2 68. Ke3 Nd1+ 69. Kd2 Nc3 70. Nf3 a4 71. Nd4+ Kb2 72. Nc2 Ne4+ 73. Kd3 Nf2+ 74. Kd2 Ne4+ 75. Kd3 Nf2+ 76. Kd2 Nxh3 77. Ne3 Nf2 78. Nc4+ Kb1 79. Kc3 b5 80. Na3+ Ka2 81. Nxb5 Nxg4 82. Kb4 Ne5 83. Kxa4 1/2-1/2